 Dungeon Crawl Stone Soup version 0.26-a0-854-gdc81c2f471 (webtiles) character file.

Game seed: 13286717555888579122

338 DerDa the Digger (level 6, -3/66 HPs)
             Began as a Formicid Earth Elementalist on Nov 22, 2020.
             Killed by divine providence
             ... invoked by an orc priest
              (11 damage)
             ... on level 4 of the Dungeon.
             The game lasted 00:11:36 (4001 turns).

DerDa the Digger (Formicid Earth Elementalist)      Turns: 4001, Time: 00:11:37

Health: -3/66      AC: 23    Str: 10 (12) XL:     6   Next: 86%
Magic:  6/20       EV:  2    Int: 15 (17) God:
Gold:   179        SH:  0    Dex:  9 (11) Spells: 6/12 levels left

rFire    . . .     SeeInvis .   k - +0 long sword
rCold    . . .     Faith    .   (no shield)
rNeg     + + +     Spirit   .   (armour currently unavailable)
rPois    +         Reflect  .   (helmet unavailable)
rElec    .         Harm     .   (cloak currently unavailable)
rCorr    .         Rampage  .   (gloves currently unavailable)
MR       .....                  (boots currently unavailable)
Stlth    ++........             (no amulet)
HPRegen  0.21/turn              q - ring of magical power
MPRegen  0.17/turn              (no ring)

@: tree-form
A: permanent stasis, dig shafts and tunnels, four strong arms
a: no special abilities


You were on level 4 of the Dungeon.
You were a tree.
You visited 1 branch of the dungeon, and saw 4 of its levels.

You collected 179 gold pieces.

Inventory:

Hand Weapons
 k - a +0 long sword (weapon)
 p - a +2 dagger of venom
Missiles
 b - 27 stones
 n - 33 arrows
 t - 24 poisoned darts (quivered)
Armour
 c - a +0 robe (melded)
 u - a +0 pair of boots (melded)
Jewellery
 g - an uncursed ring of positive energy {unknown}
 q - a ring of magical power (left branch)
Scrolls
 i - a scroll of remove curse
 r - a scroll of enchant weapon
 v - a scroll of amnesia {unknown}
Potions
 e - 2 potions of degeneration
 h - a potion of brilliance {unknown}
 j - a potion of flight {unknown}
 l - a potion of heal wounds {unknown}
 m - a potion of cancellation {unknown}
 o - a potion of berserk rage {unknown}
 s - a potion of lignification


   Skills:
 + Level 1.9 Fighting
 + Level 2.5 Dodging
 - Level 2.4 Stealth
 * Level 3.6 Spellcasting
 * Level 2.1 Conjurations
 * Level 3.2 Transmutations
 * Level 5.0 Earth Magic


You had 6 spell levels left.
You knew the following spells:

 Your Spells              Type           Power        Failure   Level
a - Sandblast             Erth           ###...       2%          1
u - Stone Arrow           Conj/Erth      ##....       13%         3
w - Passwall              Tmut/Erth      ###.....     5%          2

Your spell library contained the following spells:

 Spells                   Type           Power        Failure   Level
 Petrify                  Tmut/Erth      ###.....     34%         4
 Lee's Rapid Deconstruct  Erth           ###.......   54%         5


Dungeon Overview and Level Annotations

Branches:
Dungeon (4/15)
 Temple: D:4-7

Altars:
Gozag
Makhleb
Okawaru
Trog
Zin
The Shining One


Innate Abilities, Weirdness & Mutations

You cannot be hasted, slowed, berserked, paralysed or teleported.
You can dig through walls and to a lower floor.
Your four strong arms can wield two-handed weapons with a shield.
((You have a pair of large antennae on your head. (SInv)))


Message History

Aiming: Sandblast (safe; 2% risk of failure)
Press: ? - help, Shift-Dir - straight line, f/p - orc priest
Aim: an orc priest, wielding a +0 dagger and wearing a +0 chain mail (severely wounded, 15% to evade)
The blast of sand hits the orc priest but does no damage.
The orc priest is severely wounded.
b - 28 stones The orc priest hits you but does no damage.
The orc hits you but does no damage.
The orc wizard hits you but does no damage.
Casting: Sandblast (safe; 2% risk of failure)
Confirm with . or Enter, or press ? or * to list all spells.
Aiming: Sandblast (safe; 2% risk of failure)
Press: ? - help, Shift-Dir - straight line, f/p - orc priest
Aim: an orc priest, wielding a +0 dagger and wearing a +0 chain mail (severely wounded, 15% to evade)
The blast of sand hits the orc priest but does no damage.
The orc priest is severely wounded.
b - 27 stones The orc priest invokes the aid of Beogh against you.
Beogh smites you!
You die...

...o o.. ... #.#
#.# ##)## ###
#.########...#.....
........♣o........#
#.#..###oo.....##.#
# #.......?.#
...............
..#..........### ..
###?......## .
.......## ####...##


You could see an orc priest, an orc wizard and an orc.

Vanquished Creatures
  An ogre (D:4)
  A hound (D:2)
  2 orc priests
  A hound skeleton (D:4)
  3 adders (D:3)
  2 oozes
  3 worms
  3 leopard geckos (D:3)
  12 orcs
  A ball python (D:3)
  5 giant cockroaches
  7 goblins
  7 hobgoblins
  13 jackals
  3 quokkas (D:3)
  8 bats
  8 frilled lizards
  8 kobolds
  5 rats
93 creatures vanquished.

Vanquished Creatures (others)
  2 plants (D:3)
2 creatures vanquished.

Grand Total: 95 creatures vanquished

Notes
Turn   | Place    | Note
-------+----------+-------------------------------------------
     0 | D:1      | DerDa the Formicid Earth Elementalist began the quest for
                  | the Orb.
     0 | D:1      | Reached XP level 1. HP: 13/13 MP: 3/3
   317 | D:1      | Reached XP level 2. HP: 19/19 MP: 3/5
   320 | D:1      | Learned a level 2 spell: Passwall
   594 | D:1      | Reached skill level 4 in Earth Magic
   594 | D:1      | Reached XP level 3. HP: 16/25 MP: 0/6
   817 | D:1      | Learned a level 3 spell: Stone Arrow
  1489 | D:2      | Found a burning altar of Makhleb.
  1496 | D:2      | Reached skill level 1 in Fighting
  1496 | D:2      | Reached XP level 4. HP: 19/32 MP: 1/8
  1923 | D:2      | Found an iron altar of Okawaru.
  1930 | D:2      | Found a glowing golden altar of the Shining One.
  2596 | D:2      | Reached skill level 1 in Conjurations
  2596 | D:2      | Reached XP level 5. HP: 28/37 MP: 0/9
  2993 | D:3      | Reached XP level 6. HP: 20/43 MP: 10/10
  3624 | D:3      | Found a burning altar of Makhleb.
  3722 | D:3      | Found a glowing silver altar of Zin.
  3722 | D:3      | Found an opulent altar of Gozag.
  3798 | D:3      | Found a bloodstained altar of Trog.
  3971 | D:4      | Noticed an ogre
  3980 | D:4      | Killed an ogre
  3981 | D:4      | Reached skill level 5 in Earth Magic
  4001 | D:4      | Killed from afar by an orc priest

Illustrated notes

Levels and vault maps discovered:
D:1:      onia_arrival_mini_maze_b, layout_basic,
          chequers_serial_rivers_small_3, serial_park_tiny_1, minivault_26,
          minmay_tetromino_t2
D:2:      layout_basic, minitemple, makhleb_heckhound_becter
D:3:      layout_rooms, grunt_temple_overflow_gold_and_silver,
          marbit_many_paths, st_stairs_1, serial_bayou_ford_a,
          grunt_ministairs_4, trog_butcher_becter
D:4:      layout_loops_cross, lemuel_doored_altar, minmay_temple_entry_wispy,
          nicolae_tso_besieged_by_evil

Skill      XL: |  1  2  3  4  5  6 |
---------------+-------------------+-----
Earth Magic    | 4 5 |  5.0
Dodging        | 2 |  2.5
Fighting       | 1 |  1.9
Transmutations | 2 3 |  3.2
Spellcasting   | 3 |  3.6
Conjurations   | 1 2 |  2.1
Stealth        | |  2.4

Action                   |  1- 3 |  4- 6 || total
-------------------------+-------+-------++-------
Melee: Club              |    47 |       ||    47
       Long sword        |       |   101 ||   101
 Cast: Sandblast         |    32 |    61 ||    93
       Stone Arrow       |       |     7 ||     7
 Abil: Dig               |     1 |     2 ||     3
  Use: Scroll            |       |     6 ||     6
       Potion            |       |     3 ||     3
 Stab: Sleeping          |     1 |     3 ||     4
Armor: Robe              |    23 |    23 ||    46
       Skin              |       |    10 ||    10
Dodge: Dodged            |    61 |   115 ||   176
       Rpst.: Long sword |       |    43 ||    43

Table legend: (Time is in decaauts)
 A = Elapsed time spent in this place.
 B = Non-inter-level travel time spent in this place.
 C = Inter-level travel time spent in this place.
 D = Time resting spent in this place.
 E = Time spent auto-exploring this place.
 F = Levels seen in this place.
 G = Mean time per level.
                   A        B        C        D        E       F      G
               +--------+--------+--------+--------+--------+-----+--------+
         Total |   4079 |   3778 |    301 |     90 |   2991 |   4 | 1019.8 |
       Dungeon |   4079 |   3778 |    301 |     90 |   2991 |   4 | 1019.8 |
               +--------+--------+--------+--------+--------+-----+--------+

Top non-repeatable levels by time:
     D:1: 1453 daAuts
     D:3: 1358 daAuts
     D:2: 1236 daAuts
     D:4: 32 daAuts
